 Dungeon Crawl Stone Soup version 0.19.5 (webtiles) character file.

70 pps the Slasher (level 4, 0/35 HPs)
             Began as a Human Berserker on Mar 13, 2017.
             Was a Believer of Trog.
             Succumbed to an adder's poison
             ... on level 3 of the Dungeon.
             The game lasted 00:13:09 (2355 turns).

pps the Slasher (Human Berserker)                   Turns: 2355, Time: 00:13:10

Health: 0/35       AC:  2    Str: 18    XL:     4   Next: 44%
Magic:  4/4        EV: 12    Int:  7    God:    Trog [**....]
Gold:   141        SH:  0    Dex: 13    Spells: 0 memorised, 3 levels left

rFire  . . .     SeeInvis .     a - +0 falchion
rCold  . . .     Gourm    .     b - +0 animal skin
rNeg   . . .     Faith    .     (no shield)
rPois  .         Spirit   .     (no helmet)
rElec  .         Reflect  .     (no cloak)
rCorr  .         Harm     .     (no gloves)
MR     .....                    (no boots)
Stlth  +.........               (no amulet)
                                (no ring)
                                n - ring of flight

@: lethally poisoned (0 -> -10), very slightly contaminated, invisible
A: no striking features
a: Berserk, Trog's Hand, Burn Spellbooks, Renounce Religion, Evoke Flight


You were on level 3 of the Dungeon.
You worshipped Trog.
Trog was pleased with you.
You were not hungry.

You visited 1 branch of the dungeon, and saw 3 of its levels.

You collected 141 gold pieces.

Inventory:

Hand Weapons
 a - a +0 falchion (weapon)
 o - a +0 trident
Missiles
 k - 8 tomahawks (quivered)
 m - 7 needles of confusion
 q - 35 arrows
Armour
 b - a +0 animal skin (worn)
Jewellery
 j - an uncursed amulet of faith
 n - a ring of flight (left hand)
 s - an uncursed amulet of guardian spirit
Scrolls
 d - 2 scrolls of amnesia {unknown}
 e - 2 scrolls of identify
 g - a scroll of immolation {unknown}
 h - a scroll of blinking {unknown}
 p - a scroll of teleportation {unknown}
 t - a scroll of fear {unknown}
Potions
 f - 3 potions of might
 l - 2 potions of invisibility
 r - a potion of curing {unknown}
Comestibles
 c - 5 bread rations
 i - a beef jerky
 u - 2 fruits


   Skills:
 + Level 3.4 Fighting
 + Level 4.3 Long Blades
 + Level 0.2 Throwing
 + Level 2.0 Armour
 + Level 2.3 Dodging
 + Level 0.2 Stealth


You had 3 spell levels left.
You didn't know any spells.

Dungeon Overview and Level Annotations

Branches:
Dungeon (3/15)

Altars:
Zin


Message History

You feel sick.
* * * LOW HITPOINT WARNING * * *
You feel sick. The adder barely misses you.
You riposte.
You closely miss the adder.
The adder is severely wounded.
* * * LOW HITPOINT WARNING * * *
You feel sick.
* * * LOW HITPOINT WARNING * * *
You feel sick. The adder closely misses you.
* * * LOW HITPOINT WARNING * * *
You feel sick.
There is an open door here.
* * * LOW HITPOINT WARNING * * *
You feel sick.
* * * LOW HITPOINT WARNING * * *
You feel sick. The adder bites you.
* * * LOW HITPOINT WARNING * * *
You are more poisoned.
The adder poisons you!
You die...

#.....#........# #
#.....#........# 8
#...).#........########.
#....##..............#8.
#.....+..............##.
#....##..............#
###.#####'####.......#
#.#####S# #.......#
#....@..# #.......#
######### #.......#
#.......# #.......#


You could see an adder.

Vanquished Creatures
  2 adders
  2 worms
  A dart slug (D:1)
  An orc (D:3)
  A giant cockroach (D:2)
  5 goblins
  9 hobgoblins
  2 jackals (D:2)
  3 kobolds
  2 ball pythons (D:3)
  5 bats
  3 frilled lizards
  6 rats
42 creatures vanquished.

Notes
Turn   | Place    | Note
-------+----------+-------------------------------------------
     0 | D:1      | pps the Human Berserker began the quest for the Orb.
     0 | D:1      | Reached XP level 1. HP: 18/18 MP: 1/1
   280 | D:1      | Reached XP level 2. HP: 18/24 MP: 2/2
   839 | D:2      | Reached XP level 3. HP: 26/29 MP: 3/3
   884 | D:2      | Found a glowing silver altar of Zin.
  1135 | D:2      | HP: 1/29 [hobgoblin/club (4)]
  1148 | D:2      | HP: 1/29 [rat (1)]
  1786 | D:2      | Reached skill level 4 in Long Blades
  1818 | D:2      | Reached XP level 4. HP: 26/35 MP: 4/4
  2117 | D:3      | Reached ** piety under Trog
  2354 | D:3      | HP: 1/35 [adder (1)]
  2355 | D:3      | Succumbed to an adder's poison

Skill      XL: |  1  2  3 |
---------------+----------+-----
Long Blades    | 4 |  4.3
Fighting       | |  3.4
Throwing       | |  0.2
Armour         | |  2.0
Dodging        | |  2.3
Stealth        | |  0.2

Action                   |  1- 3 |  4- 6 || total
-------------------------+-------+-------++-------
Melee: Falchion          |   100 |    40 ||   140
Throw: Tomahawk          |     3 |       ||     3
Invok: Berserk           |     1 |       ||     1
  Use: Scroll            |       |     5 ||     5
       Potion            |       |     1 ||     1
 Stab: Sleeping          |     1 |       ||     1
  Eat: Bread ration      |     1 |       ||     1
       Beef jerky        |     1 |       ||     1
Armor: Animal skin       |    17 |     8 ||    25
Dodge: Dodged            |    60 |    25 ||    85
       Rpst.: Falchion   |    20 |    10 ||    30
